 Dungeon Crawl Stone Soup version 0.27.0-1-g7a089689b8 (webtiles) character file.

Game seed: 9961442791273887054

564 sanka the Changer (level 7, -1/32 HPs)
             Began as a Spriggan Transmuter on Aug 7, 2021.
             Was a Believer of Sif Muna.
             Succumbed to a kobold brigand's curare-tipped dart
             ... on level 5 of the Dungeon.
             The game lasted 00:13:26 (7379 turns).

sanka the Changer (Spriggan Transmuter)             Turns: 7379, Time: 00:13:26

Health: -1/32      AC:  2    Str:  6    XL:     7   Next: 10%
Magic:  12/14      EV: 23    Int: 16    God:    Sif Muna [**....]
Gold:   212        SH:  0    Dex: 21    Spells: 10/14 levels left

rFire    . . .     SeeInvis +     - Unarmed
rCold    + . .     Faith    .   (shield currently unavailable)
rNeg     . . .     Spirit   .   (armour currently unavailable)
rPois    x         Reflect  .   (helmet currently unavailable)
rElec    .         Harm     .   (cloak currently unavailable)
rCorr    .         Rampage  .   (gloves unavailable)
Will     +....                  (boots unavailable)
Stlth    ++........             (no amulet)
HPRegen  0.10/turn              (no ring)
MPRegen  0.14/turn              q - ring of protection from cold

@: lethally poisoned (-1 -> -10), spider-form, slowed, very slow
A: venomous fangs, tiny, no large weapons, unfitting armour, see invisible,
(speed 3)
a: End Transformation, Renounce Religion, Channel Magic


You were on level 5 of the Dungeon.
You worshipped Sif Muna.
Sif Muna was pleased with you.
You were a venomous arachnid creature.
You visited 1 branch of the dungeon, and saw 5 of its levels.

You collected 212 gold pieces.


Innate Abilities, Weirdness & Mutations

You are a venomous arachnid creature.
You have poisonous fangs.
You are tiny and dextrous.
Your spellcasting is less reliable in this form.
Your armour is entirely melded.
You are incapable of wielding weapons or throwing items.
You are very small and have problems with some larger weapons.
You are too small for most types of armour.
You have supernaturally acute eyesight. (SInv)
((You cover ground extremely quickly. (Speed+++)))


   Skills:
 - Level 0.7 Fighting
 - Level 4.8 Dodging
 - Level 2.4 Unarmed Combat
 - Level 4.0 Spellcasting
 + Level 7.8 Transmutations
 - Level 3.0 Poison Magic


You had 10 spell levels left.
You knew the following spells:

 Your Spells              Type           Power      Damage    Failure   Level
x - Spider Form           Tmut/Pois      10%        N/A       16%         3
z - Beastly Appendage     Tmut           56%        N/A       4%          1

Your spell library contained the following spells:

 Spells                   Type           Power      Damage    Failure   Level
 Wereblood                Tmut           28%        N/A       5%          2
 Ice Form                 Ice/Tmut       15%        N/A       56%         4
 Summon Guardian Golem    Hex/Summ       3%         N/A       67%         3
 Orb of Destruction       Conj           1%         N/A       100%        7
 Spellforged Servitor     Conj/Summ      1%         N/A       100%        7

Inventory:

Armour
 a - a +0 robe (melded)
 o - a +0 cloak (melded)
Jewellery
 q - a ring of protection from cold (right front leg)
Scrolls
 b - a scroll of magic mapping {unknown}
 c - a scroll of blinking {unknown}
 d - 3 scrolls of identify {unknown}
 f - a scroll of amnesia {unknown}
 l - a scroll of teleportation {unknown}
 n - a scroll of enchant weapon {unknown}
 r - a scroll of noise {unknown}
 s - a scroll of fog {unknown}
Potions
 e - 4 potions of heal wounds {unknown}
 g - a potion of lignification {unknown}
 h - a potion of might {unknown}
 i - 5 potions of curing {unknown}
 j - 4 potions of degeneration {unknown}
 k - 4 potions of mutation {unknown}
 m - a potion of invisibility {unknown}
 p - 2 potions of brilliance {unknown}

Dungeon Overview and Level Annotations

Branches:
Dungeon (5/15)             Temple (0/1) D:5

Altars:
Hepliaklqana
Sif Muna

Annotations:
D:3 2 runed translucent doors, exclusion: water moccasin

.g......▒......▒▒▒..........▒
...▒...........▒ ▒▒...▒▒▒▒▒▒▒
..▒▒.).........▒ ▒.........▒
..▒▒...........▒▒▒.........▒
..▒▒.....K......▒▒.........▒
..▒▒............▒▒.........▒
▒▒▒▒▒▒...▒......▒▒.........▒
▒...'......▒..........▒
▒...▒.....)s..........▒
▒.▒...................▒▒▒
▒.▒................>....▒▒▒▒
▒.....................▒.▒..▒
▒.▒▒▒........▒....▒▒▒▒▒.▒..▒
▒▒▒ ▒▒▒▒....▒▒.▒▒▒....▒.▒..▒
▒....▒▒.▒▒▒.▒▒.▒.▒..▒
▒....▒▒........▒.▒..▒
▒....▒▒▒▒▒▒.▒..▒....▒


You could see a kobold brigand.


Message History

You kill the kobold!
Sif Muna accepts your kill.
No target in view!
No target in view!
You start resting.
Your transformation is almost over.
There is an open door here.
You start resting.
Your transformation has ended.
You start resting.
Magic restored.
A kobold brigand comes into view.
It is wielding a +0 dagger and quivering curare-tipped darts.
You turn into a venomous arachnid creature.
The kobold brigand shouts!
The kobold brigand throws a curare-tipped dart.
The curare-tipped dart hits you.
You are poisoned.
You have difficulty breathing.
You feel yourself slow down.
* * * LOW HITPOINT WARNING * * *
You feel extremely sick.
The kobold brigand throws a curare-tipped dart.
The curare-tipped dart completely misses you.
* * * LOW HITPOINT WARNING * * *
You feel very sick.
* * * LOW HITPOINT WARNING * * *
You feel very sick.
The kobold brigand throws a curare-tipped dart.
The curare-tipped dart closely misses you.
You die...

Action                   |  1- 3 |  4- 6 |  7- 9 || total
-------------------------+-------+-------+-------++-------
Melee: Unarmed           |   131 |   164 |    17 ||   312
       Kick              |    17 |       |       ||    17
       Headbutt          |     8 |       |       ||     8
 Cast: Beastly Appendage |    25 |       |       ||    25
       Spider Form       |     6 |    28 |     5 ||    39
 Abil: End Transformatio |       |     1 |       ||     1
 Stab: Sleeping          |     1 |     1 |       ||     2
Armor: Robe              |    12 |       |       ||    12
       Skin              |       |     7 |       ||     7
Dodge: Dodged            |    99 |   131 |    21 ||   251

Levels and vault maps discovered:
D:1:      heliophobic_arrival_henge, layout_basic,
          shapermc_ecumenical_altar_petra
D:2:      layout_rooms
D:3:      layout_loops_ring, mainiacjoe_overflow_paths,
          mainiacjoe_overflow_cross_hatched, jmf_multi_god_temple2
D:4:      layout_loops_corners
D:5:      kennysheep_kobold_camp, layout_basic, minmay_temple_entry_hall,
          corexii_hall_statues_deadend

Notes
Turn   | Place    | Note
-------+----------+-------------------------------------------
     0 | D:1      | sanka the Spriggan Transmuter began the quest for the Orb.
     0 | D:1      | Reached XP level 1. HP: 9/9 MP: 5/5
   222 | D:1      | Reached skill level 3 in Transmutations
   229 | D:1      | Reached skill level 3 in Spellcasting
   328 | D:1      | Reached XP level 2. HP: 12/14 MP: 5/7
   640 | D:1      | Found a faded altar of an unknown god.
   858 | D:1      | Reached skill level 4 in Transmutations
  1488 | D:1      | Found a faded altar of an unknown god.
  1935 | D:1      | Became a worshipper of Sif Muna the Loreminder
  1935 | D:1      | Reached * piety under Sif Muna
  2129 | D:2      | Reached XP level 3. HP: 17/17 MP: 6/8
  2133 | D:2      | Learned a level 3 spell: Spider Form
  2696 | D:2      | Reached skill level 1 in Poison Magic
  2942 | D:3      | Found a hazy altar of Hepliaklqana.
  2955 | D:3      | Reached skill level 5 in Transmutations
  3108 | D:3      | Found a shimmering blue altar of Sif Muna.
  3146 | D:3      | Reached XP level 4. HP: 20/21 MP: 5/9
  3696 | D:3      | Reached ** piety under Sif Muna
  3802 | D:3      | Noticed a water moccasin
  3875 | D:3      | Found a large runed translucent door.
  3875 | D:3      | Found a large runed translucent door.
  4470 | D:4      | Reached skill level 2 in Poison Magic
  4472 | D:4      | HP: 2/21 [poisoned by an adder]
  5141 | D:4      | Noticed a necrophage
  5256 | D:4      | Noticed a centaur
  5268 | D:4      | Noticed a necrophage
  5271 | D:4      | Killed a centaur
  5272 | D:4      | Reached skill level 6 in Transmutations
  5272 | D:4      | Reached skill level 3 in Poison Magic
  5272 | D:4      | Reached skill level 3 in Dodging
  5272 | D:4      | Reached XP level 5. HP: 13/25 MP: 6/10
  5280 | D:4      | Killed a necrophage
  5281 | D:4      | Reached skill level 4 in Dodging
  5281 | D:4      | Reached XP level 6. HP: 10/29 MP: 7/11
  6159 | D:5      | Entered Level 5 of the Dungeon
  6288 | D:5      | Reached skill level 4 in Spellcasting
  6288 | D:5      | Reached skill level 7 in Transmutations
  6562 | D:5      | Identified +0 pearl dragon scales
  6658 | D:5      | Found a staircase to the Ecumenical Temple.
  6745 | D:5      | Reached XP level 7. HP: 20/32 MP: 11/14
  7378 | D:5      | HP: 2/32 [poisoned by a kobold brigand (curare-tipped
                  | dart)]
  7379 | D:5      | Succumbed to a kobold brigand's curare-tipped dart

Vanquished Creatures
  3 necrophages
  A centaur (D:4)
  A hound (D:5)
  2 hound skeletons (D:4)
  4 gnolls (D:5)
  4 adders
  A howler monkey skeleton (D:5)
  An ufetubus (D:5)
  3 worms
  2 dart slugs (D:1)
  6 orcs
  3 ball pythons
  4 endoplasms
  6 giant cockroaches
  6 hobgoblins
  13 jackals
  3 quokkas
  4 bats
  3 frilled lizards
  5 goblins
  5 kobolds
  3 rats
83 creatures vanquished.

Vanquished Creatures (others)
  67 plants (D:5)
67 creatures vanquished.

Grand Total: 150 creatures vanquished
